 Dungeon Crawl Stone Soup version 0.21-a0-278-ga722497 (webtiles) character file.

89 tidbits the Insei (level 4, -9/34 HPs)
             Began as a Demigod Transmuter on Sept 22, 2017.
             Mangled by a gnoll
             ... wielding a +0 flail
              (14 damage)
             ... on level 2 of the Dungeon.
             The game lasted 00:06:38 (993 turns).

tidbits the Insei (Demigod Transmuter)               Turns: 993, Time: 00:06:39

Health: -9/34      AC:  2    Str: 10 (13) XL:     4   Next: 10%
Magic:  4/9        EV: 12    Int: 18 (19) God:
Gold:   83         SH:  0    Dex: 15 (16) Spells: 1/7 levels left

rFire    . . .     SeeInvis .     - Unarmed
rCold    . . .     Gourm    .   (no shield)
rNeg     . . .     Faith    .   b - +0 robe
rPois    .         Spirit   .   (no helmet)
rElec    .         Reflect  .   (no cloak)
rCorr    .         Harm     .   (no gloves)
MR       .....                  (no boots)
Stlth    +.........             (no amulet)
HPRegen  0.11/turn              (no ring)
MPRegen  0.11/turn              (no ring)

@: lethally poisoned (-9 -> -11)
A: high mp 1
a: no special abilities


You were on level 2 of the Dungeon.
You were not hungry.

You visited 1 branch of the dungeon, and saw 3 of its levels.

You collected 83 gold pieces.

Inventory:

Missiles
 a - 4 arrows
 f - 21 sling bullets
Armour
 b - a +0 robe (worn)
Scrolls
 e - 2 scrolls of fear {unknown}
 g - a scroll of teleportation
 j - a scroll of identify {unknown}
 k - a scroll of enchant armour {unknown}
Potions
 h - a potion of lignification {unknown}
Books
 c - a book of Changes

   Spells                             Type                      Level
   a - Beastly Appendage              Transmutation                1
   b - Sticks to Snakes               Transmutation                2
   c - Spider Form                    Transmutation/Poison         3
   d - Ice Form                       Ice/Transmutation            4
   e - Blade Hands                    Transmutation                5
Comestibles
 d - 3 bread rations
 l - 2 meat rations


   Skills:
 - Level 0.8 Fighting
 - Level 1.7 Dodging
 + Level 3.6 Unarmed Combat
 - Level 2.0 Spellcasting
 + Level 3.2 Transmutations


You had one spell level left.
You knew the following spells:

 Your Spells              Type           Power        Failure   Level  Hunger
e - Beastly Appendage     Tmut           ##....       4%          1    #......
k - Sticks to Snakes      Tmut           ##......     7%          2    ###....
p - Spider Form           Tmut/Pois      #.........   28%         3    ###....


Dungeon Overview and Level Annotations

Branches:
Dungeon (3/15)


Innate Abilities, Weirdness & Mutations

You have an increased reservoir of magic. (+10% MP)


Message History

You are very lightly contaminated with residual magic.
Nothing appears to happen.
The adder barely misses you. The adder closely misses you.
The frilled lizard closely misses you.
You completely miss the adder. The adder barely misses you.
The frilled lizard bites you.
You hit the adder.
The adder is poisoned.
The adder is heavily wounded.
The adder bites you. The frilled lizard closely misses you.
You hit the adder but do no damage.
The adder looks as sick as possible!
The adder is severely wounded.
The adder misses you.
You closely miss the adder.
The adder is almost dead.
The adder barely misses you. The frilled lizard closely misses you.
The adder barely misses you.
You hit the adder but do no damage.
The adder looks as sick as possible!
The adder is almost dead.
Your transformation is almost over.
You kill the adder!
The frilled lizard bites you.
* * * LOW HITPOINT WARNING * * *
The frilled lizard closely misses you.
You hit the frilled lizard.
You kill the frilled lizard!
You see here a frilled lizard corpse.
You butcher the frilled lizard corpse.
i - a chunk of flesh Eat a chunk of flesh? (ye/n/q)
You eat the chunk of flesh.
This raw flesh tastes terrible.
Your transformation has ended.
Your +0 robe unmelds from your body.
Things that are here:
a stone; a bat skeleton You see here a stone.
Your magical contamination has completely faded away.
The goblin closely misses you.
You see here 3 stones.
Casting: Sticks to Snakes
Confirm with . or Enter, or press ? or * to list all spells.
You turn into a venomous arachnid creature.
Your +0 robe melds into your body.
The goblin closely misses you.
You hit the goblin.
The goblin is poisoned.
The goblin is severely wounded.
You kill the goblin!
Things that are here:
a dagger; a goblin corpse Your transformation is almost over.
e - 2 scrolls labeled DEKEON DEAN (gained 1)
Found a scroll of teleportation.
Your transformation has ended.
Your +0 robe unmelds from your body.
A gnoll comes into view. It is wielding a flail.
The gnoll shouts!
You hear a shout!
A gnoll comes into view. It is wielding a spear.
A gnoll comes into view. It is wielding a halberd of flaming.
The gnoll shouts!
The adder hisses angrily.
The gnoll picks up 19 stones.
Casting: Spider Form
Confirm with . or Enter, or press ? or * to list all spells.
You turn into a venomous arachnid creature.
Your +0 robe melds into your body.
The adder barely misses you.
You barely miss the adder. The adder barely misses you.
The gnoll throws a stone.
The stone completely misses you.
You bite the adder!
The adder is severely wounded.
The adder bites you.
You are poisoned.
The adder poisons you!
The gnoll throws a stone.
The stone misses you. The adder closely misses you.
You feel sick.
You feel sick.
Your transformation is almost over.
You feel sick.
You feel sick. The adder closely misses you.
You see here a stone.
You feel sick.
You completely miss the adder.
The adder is severely wounded.
The adder completely misses you.
The gnoll throws a stone.
The stone misses you.
You feel sick.
You hit the adder.
The adder is poisoned.
The adder is almost dead.
The adder completely misses you.
You feel sick. The adder barely misses you.
You see here 2 stones.
You kill the adder!
You have reached level 4!
Your transformation has ended.
Your +0 robe unmelds from your body.
You feel sick.
The kobold shouts!
The goblin shouts!
You feel sick. The kobold hits you but does no damage.
The kobold barely misses you.
You feel sick. The kobold hits you.
* * * LOW HITPOINT WARNING * * *
You feel sick. The gnoll hits you with a flail!
You die...

..............>....###.......##
...................# ##.....##
....#.###..........# #######
...##..##..........#
..÷#.#.............###
...#.................##
...###...#........##..#
.((g.....g.....K..###.#####
...(†(...#...ggg@<.#......#
.................#.#......#
.........######.##........#
........(# #.####......#
.........#### #.# #......#
............###.# #......#
.........##.....# ########
.......)..#.....##
###..............#


You could see 3 gnolls, a goblin and a kobold.

Vanquished Creatures
  An iguana (D:2)
  3 adders (D:2)
  An ooze (D:2)
  A worm (D:2)
  A dart slug (D:1)
  A leopard gecko (D:2)
  A ball python (D:1)
  5 bats
  A giant cockroach (D:2)
  A goblin (D:2)
  4 hobgoblins
  5 kobolds
  6 frilled lizards
  2 rats (D:1)
33 creatures vanquished.

Vanquished Creatures (collateral kills)
  A kobold (D:2)
  A rat (D:1)
2 creatures vanquished.

Grand Total: 35 creatures vanquished

Notes
Turn   | Place    | Note
-------+----------+-------------------------------------------
     0 | D:1      | tidbits the Demigod Transmuter began the quest for the Orb.
     0 | D:1      | Reached XP level 1. HP: 15/15 MP: 5/5
    70 | D:1      | Reached skill level 2 in Transmutations
   111 | D:1      | Reached skill level 2 in Spellcasting
   185 | D:2      | Reached XP level 2. HP: 16/22 MP: 4/7
   189 | D:2      | Learned a level 2 spell: Sticks to Snakes
   211 | D:2      | HP: 2/22 [worm (10)]
   456 | D:1      | Reached skill level 3 in Unarmed Combat
   558 | D:2      | Reached XP level 3. HP: 12/27 MP: 3/8
   563 | D:2      | Learned a level 3 spell: Spider Form
   679 | D:2      | Reached skill level 3 in Transmutations
   983 | D:2      | Reached XP level 4. HP: 12/34 MP: 3/9
   993 | D:2      | Mangled by a gnoll

Vault maps used:
D:1:      lightli_arrival_statuegarden, kennysheep_flooded_box,
          hangedman_decor_growths
D:3:      first_bread

Skill      XL: |  1  2  3 |
---------------+----------+-----
Transmutations | 2 3 |  3.2
Spellcasting   | 2 |  2.0
Unarmed Combat | 3 |  3.6
Fighting       | |  0.8
Dodging        | |  1.7

Action                   |  1- 3 |  4- 6 || total
-------------------------+-------+-------++-------
Melee: Unarmed           |    97 |       ||    97
       Kick              |     6 |       ||     6
       Headbutt          |     8 |       ||     8
 Cast: Beastly Appendage |    21 |       ||    21
       Sticks to Snakes  |     8 |       ||     8
       Spider Form       |     6 |       ||     6
  Use: Potion            |     3 |       ||     3
       Scroll            |     1 |       ||     1
 Stab: Sleeping          |     2 |       ||     2
  Eat: Royal jelly       |     1 |       ||     1
       Chunk             |     1 |       ||     1
Armor: Robe              |    28 |     1 ||    29
       Skin              |     1 |       ||     1
Dodge: Dodged            |    92 |     1 ||    93

Table legend:
 A = Spawn XP
 B = Non-spawn XP
 C = Spawn XP percentage of total XP
 D = Spawn monster count
 E = Non-spawn monster count
 F = Spawn count percentage of total count
 G = Total turns spent on level
                    A         B        C        D         E        F      G
               +---------+---------+-------+---------+---------+-------+---------
         Total |       0 |     128 |   0.0 |       0 |      35 |   0.0 |   993
               +---------+---------+-------+---------+---------+-------+---------
           D:1 |       0 |      29 |   0.0 |       0 |      19 |   0.0 |   539
           D:2 |       0 |      99 |   0.0 |       0 |      16 |   0.0 |   447
               +---------+---------+-------+---------+---------+-------+---------

Table legend:
 A = Turns spent in this place as a percentage of turns spent in the entire game.
 B = Non-inter-level travel turns spent in this place as a percentage of non-inter-level travel turns spent in the entire game.
 C = Inter-level travel turns spent in this place as a percentage of turns spent in this place.
 D = Turns resting spent in this place as a percentage of non-inter-level travel turns spent in this place.
 E = Turns spent auto-exploring this place as a percentage of non-inter-level travel turns spent in this place.
 F = Non-inter-level travel turns spent in this place divided by the number of levels of this place that you've seen.
                   A       B       C       D       E      F
               +-------+-------+-------+-------+-------+----------------------
         Total | 100.0 | 100.0 |   0.0 |   0.0 |   0.0 | 331.0
       Dungeon | 100.0 | 100.0 |   0.0 |   0.0 |   0.0 | 331.0
               +-------+-------+-------+-------+-------+----------------------

Table legend:
 A = Kills in this place as a percentage of kills in entire the game.
 B = Kills by you in this place as a percentage of kills by you in the entire game.
 C = Kills by friends in this place as a percentage of kills by friends in the entire game.
 D = Other kills in this place as a percentage of other kills in the entire game.
 E = Experience gained in this place as a percentage of experience gained in the entire game.
 F = Experience gained in this place divided by the number of levels of this place that you have seen.
                   A       B       C       D       E      F
               +-------+-------+-------+-------+-------+----------------------
         Total | 100.0 | 100.0 | 100.0 |   N/A | 100.0 |  42.7
       Dungeon | 100.0 | 100.0 | 100.0 |   N/A | 100.0 |  42.7
               +-------+-------+-------+-------+-------+----------------------

Vault maps used:
D:1:      lightli_arrival_statuegarden, kennysheep_flooded_box,
          hangedman_decor_growths
D:3:      first_bread
